AoeStats
← ThE_JoKeR

Arena

509735288Analyzed
4v4 RM · 4d ago on Sep 27, 2026· 56m 21s· 8 players
Game mode
Random Map
Map size
Large (8 player)
Population
200
Speed
Normal
Resources
Standard
Victory
Conquest
Starting age
Dark Age
Ending age
Imperial Age
RankedLock teamsTeams togetherTeam positionsShared explorationLock speedFull tech treeHidden civsTurbo modeCheats
Victory
Defeat
🇺🇸 Varangians · United States
944
+14
🇪🇸 Vietnamese · Spain
900
+16
🇲🇽 Persians · Mexico
880
+17
🇩🇪 Britons · Germany
876
+17
🇹🇷 Japanese · Türkiye
932
-17
🇰🇿 Varangians · Kazakhstan
906
-16
🇩🇪 Spanish · Germany
892
-16
🇳🇱 Goths · Netherlands
886
-15
Oscar robles176
12:06 Feudal Age
13:41 Double-Bit Axe
16:22 Castle Age
18:51 Wheelbarrow
18:31 Bow Saw
21:54 Gold Mining
25:23 Gold Shaft Mining
24:52 Husbandry
25:03 Bloodlines
25:14 Hand Cart
26:05 Scale Barding Armor
30:08 Imperial Age
29:12 Forging
30:09 Chain Barding Armor
32:13 Two-Man Saw
30:56 Horse Collar
30:49 Cavalier
32:11 Plate Barding Armor
32:45 Iron Casting
34:01 Chemistry
34:20 Savar
revientamuros
1:20 Loom
12:14 Feudal Age
12:40 Double-Bit Axe
12:41 Horse Collar
12:53 Town Watch
13:45 Wheelbarrow
17:20 Gold Mining
20:21 Castle Age
18:40 Stone Mining
20:10 Fletching
20:31 Forging
20:33 Light Cavalry
21:36 Bow Saw
21:29 Heavy Plow
22:29 Scale Barding Armor
25:03 Hand Cart
25:53 Ballistics
30:25 Imperial Age
28:27 Thumb Ring
28:47 Padded Archer Armor
29:36 Stone Shaft Mining
29:30 Bodkin Arrow
29:27 Treadmill Crane
30:32 Masonry
31:11 Leather Archer Armor
31:52 Squires
31:31 Elite Rattan Archer
35:14 Chemistry
34:52 Bracer
37:16 Two-Man Saw
36:26 Elite Skirmisher
38:16 Ring Archer Armor
38:21 Iron Casting
37:47 Scale Mail Armor
38:05 Fortified Wall
37:38 Imperial Skirmisher
40:33 Bloodlines
40:23 Husbandry
42:59 Crop Rotation
43:05 Elite Fire Lancer
43:30 Arson
44:09 Chain Mail Armor
44:46 Paper Money
45:25 Plate Mail Armor
48:21 Town Patrol
52:46 Capped Ram
53:15 Pikeman
Landogz
10:25 Feudal Age
11:15 Double-Bit Axe
11:45 Horse Collar
16:48 Castle Age
19:22 Wheelbarrow
19:28 Husbandry
19:54 Bow Saw
20:13 Loom
27:25 Imperial Age
25:34 Scale Barding Armor
25:39 Forging
26:10 Vendel Legacy
29:35 Hand Cart
29:05 Town Watch
32:46 Two-Man Saw
33:44 Chain Barding Armor
33:48 Cavalier
35:28 Conscription
36:08 Town Patrol
36:12 Gothikon
37:45 Arson
39:03 Gold Mining
39:07 Stone Mining
39:45 Bloodlines
39:15 Elite Varangian Guard
40:59 Squires
43:13 Iron Casting
42:39 Scale Mail Armor
43:14 Plate Barding Armor
43:12 Heavy Plow
43:27 Elite Jarl
45:15 Blast Furnace
45:34 Chain Mail Armor
48:17 Stone Shaft Mining
50:53 Crop Rotation
51:25 Plate Mail Armor
Axxano
0:29 Loom
12:38 Feudal Age
16:37 Castle Age
14:26 Horse Collar
14:35 Double-Bit Axe
16:28 Gold Mining
21:42 Scale Mail Armor
23:00 Heavy Plow
24:05 Man-at-Arms
24:31 Gambesons
24:47 Squires
25:19 Stone Mining
26:28 Gold Shaft Mining
27:09 Forging
27:57 Long Swordsman
31:34 Imperial Age
29:05 Fletching
29:39 Ballistics
29:00 Treadmill Crane
29:42 Ballistics
29:59 Chain Mail Armor
29:55 Forging
30:29 Fortified Wall
30:19 Bodkin Arrow
30:25 Padded Archer Armor
31:15 Bow Saw
31:48 Wheelbarrow
30:59 Town Watch
31:36 Caravan
33:38 Chemistry
33:15 Conscription
33:47 Bracer
34:24 Hand Cart
34:30 Elite Longbowman
35:13 Pikeman
36:04 Halberdier
37:11 Capped Ram
39:43 Leather Archer Armor
39:59 Plate Mail Armor
40:10 Iron Casting
39:45 Siege Engineers
44:16 Yeomen
46:49 Two-Man Saw
46:31 Ring Archer Armor
46:43 Warwolf
51:43 Masonry
54:38 Blast Furnace
ThE_JoKeR
10:59 Feudal Age
16:12 Castle Age
14:24 Double-Bit Axe
15:56 Horse Collar
29:26 Imperial Age
27:23 Heavy Plow
28:00 Ballistics
28:25 Bow Saw
29:47 Wheelbarrow
29:19 Inquisition
29:37 Fortified Wall
30:27 Conscription
31:11 Hand Cart
33:40 Chemistry
32:45 Padded Archer Armor
32:36 Fletching
33:18 Redemption
33:47 Theocracy
35:02 Elite Conquistador
37:17 Arson
38:33 Block Printing
40:22 Bloodlines
40:34 Cavalier
42:06 Husbandry
42:19 Forging
42:15 Scale Barding Armor
42:50 Thumb Ring
42:39 Paladin
44:52 Iron Casting
44:37 Chain Barding Armor
53:43 Capped Ram
56:00 Blast Furnace
SKAY
0:28 Loom
10:19 Feudal Age
15:08 Castle Age
16:56 Double-Bit Axe
25:43 Horse Collar
33:49 Imperial Age
32:24 Bow Saw
32:23 Heavy Plow
35:15 Pikeman
37:41 Wheelbarrow
40:14 Light Cavalry
42:47 Bloodlines
43:10 Squires
44:45 Two-Man Saw
46:20 Conscription
admiral
11:25 Feudal Age
16:56 Castle Age
15:31 Double-Bit Axe
15:30 Horse Collar
29:31 Imperial Age
26:47 Loom
26:47 Town Watch
27:50 Gold Mining
27:51 Stone Mining
27:59 Murder Holes
29:01 Wheelbarrow
28:26 Town Patrol
28:40 Fortified Wall
28:19 Gambesons
28:34 Squires
28:26 Arson
28:52 Treadmill Crane
29:24 Heavy Plow
30:15 Gold Shaft Mining
30:42 Scale Mail Armor
30:53 Forging
30:33 Fletching
30:44 Padded Archer Armor
30:49 Scale Barding Armor
31:49 Chemistry
31:02 Bow Saw
31:16 Hand Cart
31:16 Caravan
31:46 Coinage
31:00 Pikeman
31:00 Man-at-Arms
32:23 Hoardings
32:08 Chain Mail Armor
32:35 Conscription
33:02 Iron Casting
32:41 Bodkin Arrow
32:59 Masonry
32:33 Elite Samurai
33:58 Leather Archer Armor
34:05 Ballistics
33:18 Long Swordsman
33:18 Halberdier
35:11 Two-Man Saw
37:13 Chain Barding Armor
37:22 Bracer
37:39 Two-Handed Swordsman
38:31 Siege Engineers
38:59 Plate Mail Armor
39:30 Blast Furnace
39:13 Kataparuto
38:54 Yasama
39:34 Banking
41:55 Champion
43:21 Ring Archer Armor
42:39 Arrowslits
Gravity
9:57 Feudal Age
10:20 Horse Collar
10:37 Double-Bit Axe
11:27 Horse Collar
18:40 Castle Age
20:45 Gold Mining
21:17 Bow Saw
22:15 Loom
22:30 Gold Mining
24:31 Bloodlines
25:17 Husbandry
27:20 Wheelbarrow
28:30 Gambesons
28:46 Squires
29:28 Forging
29:25 Scale Barding Armor
29:21 Scale Mail Armor
29:12 Fletching
33:39 Imperial Age
30:55 Elite Skirmisher
33:12 Chain Barding Armor
35:47 Conscription
36:17 Plate Barding Armor
36:18 Iron Casting
37:23 Cavalier
38:22 Hand Cart
39:12 Two-Man Saw
38:16 Heavy Plow
39:21 Blast Furnace
38:39 Chain Mail Armor
40:09 Elite Jarl
42:01 Vendel Legacy
44:02 Plate Mail Armor
43:27 Bodkin Arrow
45:30 Ballistics
46:10 Chemistry
50:27 Padded Archer Armor
54:51 Elite Varangian Guard
55:44 Bracer
55:59 Leather Archer Armor
Connection lost

Rejoining the realm…

Still unreachable

The connection could not be restored.

Session expired

The server has moved on; the page needs a fresh start.